 Dungeon Crawl Stone Soup version 0.24.0-123-gd5b16e6ec5 (webtiles) character file.

Game seed: 7818104436492032231, levelgen mode: deterministic

217893 Peloso the Hoplite (level 18, 0/168 HPs)
             Began as a Minotaur Fighter on Dec 18, 2019.
             Was the Champion of Okawaru.
             Blown up by an orb spider (10 damage)
             ... with a wavering orb of destruction
             ... on level 4 of the Spider Nest.
             The game lasted 01:58:05 (40206 turns).

Peloso the Hoplite (Minotaur Fighter)              Turns: 40206, Time: 01:58:05

Health: 0/168      AC: 23    Str: 39      XL:     18   Next: 40%
Magic:  5/18       EV: 12    Int:  7      God:    Okawaru [******]
Gold:   2145       SH: 20    Dex: 25 (26) Spells: 17/17 levels left

rFire    + + .     SeeInvis .   b - +4 scimitar (flame)
rCold    + + .     Gourm    .   c - +0 shield
rNeg     . . .     Faith    +   j - +1 plate armour of Impatience {rF+ rCorr Str+3 Int+2}
rPois    +         Spirit   .   F - +0 hat "Hamoshupn" {MR+}
rElec    .         Reflect  .   A - scarf {rC+ rF+}
rCorr    +         Harm     .   w - +0 pair of gloves "Qeojugu" {Str+5 Int+4 Stlth-}
MR       ++...                  l - +1 pair of boots of the Foremost Cities {rPois Str+4 Dex+3}
Stlth    ..........             L - amulet of faith
HPRegen  0.38/turn              J - +5 ring of dexterity
MPRegen  0.16/turn              K - ring of Iterak {rC+ rCorr Str+2 Int-4 Dex+4}

@: no status effects
A: retaliatory headbutt, horns 2
}: 1/15 runes: decaying
a: Heroism, Finesse, Renounce Religion


You were on level 4 of the Spider Nest.
You worshipped Okawaru.
Okawaru was exalted by your worship.
You were not hungry.

You visited 6 branches of the dungeon, and saw 32 of its levels.
You also visited: Sewer and Ice Cave.

You collected 4242 gold pieces.
You spent 2097 gold pieces at shops.

Inventory:

Hand Weapons
 a - a +0 double sword of freezing
 b - a +4 scimitar of flaming (weapon)
Armour
 c - a +0 shield (worn)
 i - the +0 pair of boots "Igihiwid" {rC+ MR+}
   (Okawaru gifted it to you on level 1 of the Spider Nest)

   It protects you from cold.
   It affects your resistance to hostile enchantments.
 j - the +1 plate armour of Impatience (worn) {rF+ rCorr Str+3 Int+2}
   (You bought it in a shop on level 2 of the Orcish Mines)

   It affects your strength (+3).
   It affects your intelligence (+2).
   It protects you from fire.
   It provides partial protection from all sources of acid and corrosion.
 l - the +1 pair of boots of the Foremost Cities (worn) {rPois Str+4 Dex+3}
   (You bought it in a shop on level 2 of the Orcish Mines)

   It affects your strength (+4).
   It affects your dexterity (+3).
   It protects you from poison.
 w - the +0 pair of gloves "Qeojugu" (worn) {Str+5 Int+4 Stlth-}
   (Okawaru gifted it to you in an ice cave)

   It affects your strength (+5).
   It affects your intelligence (+4).
   It makes you less stealthy.
 A - a scarf of resistance (worn)
 C - a +0 cloak
 F - the +0 hat "Hamoshupn" (worn) {MR+}
   (Okawaru gifted it to you on level 2 of the Lair of Beasts)

   It affects your resistance to hostile enchantments.
 Q - a +0 hat of intelligence
Jewellery
 m - an uncursed ring of protection from cold {unknown}
 s - a +5 amulet of reflection
 u - a +4 amulet of reflection
 B - a +3 ring of evasion
 E - an uncursed amulet of rage {unknown}
 J - a +5 ring of dexterity (left hand)
 K - the ring of Iterak (right hand) {rC+ rCorr Str+2 Int-4 Dex+4}
   (You bought it in a shop on level 7 of the Dungeon)

   [ring of resist corrosion]

   It affects your strength (+2).
   It affects your intelligence (-4).
   It affects your dexterity (+4).
   It protects you from cold.
   It provides partial protection from all sources of acid and corrosion.
 L - an amulet of faith (around neck)
 M - an uncursed ring of see invisible
Wands
 o - a wand of digging (1)
 q - a wand of polymorph (13)
 D - a wand of iceblast (9)
 O - a wand of flame (22)
Scrolls
 g - 3 scrolls of identify
 h - 2 scrolls of enchant armour
 n - 11 scrolls of remove curse
 p - 8 scrolls of blinking
 r - 9 scrolls of teleportation
 v - 3 scrolls of noise
 y - a scroll of holy word
 z - a scroll of amnesia
 G - 3 scrolls of magic mapping
 H - a scroll of fear
 I - a scroll of fog
 R - a scroll of brand weapon
 U - a scroll of summoning
Potions
 d - 7 potions of berserk rage
 e - 5 potions of curing
 k - 9 potions of flight
 t - 5 potions of heal wounds
 x - a potion of resistance
 N - 3 potions of might
 V - 4 potions of haste
 Z - a potion of agility
Comestibles
 f - 43 rations
 P - 2 chunks of flesh


   Skills:
 + Level 16.7 Fighting
 + Level 17.8 Long Blades
 + Level 16.9 Armour
 + Level 3.9 Dodging
 + Level 3.3 Stealth
 + Level 23.4 Shields
 + Level 2.1 Invocations
 + Level 0.6 Evocations


You had 17 spell levels left.
You didn't know any spells.
Your spell library contained the following spells:

 Spells                   Type           Power        Failure   Level  Hunger
 Apportation              Tloc           #.....       85%         1    ##.....
 Confusing Touch          Hex            #.....       85%         1    ##.....
 Corona                   Hex            #......      85%         1    ##.....
 Infusion                 Chrm           #...         85%         1    ##.....
 Magic Dart               Conj           #...         85%         1    ##.....
 Shock                    Conj/Air       #...         85%         1    ##.....
 Summon Butterflies       Summ           #.......     85%         1    ##.....
 Blink                    Tloc           N/A          94%         2    ###....
 Call Imp                 Summ           #.......     94%         2    ###....
 Ensorcelled Hibernation  Hex/Ice        #.....       94%         2    ###....
 Shroud of Golubria       Chrm/Tloc      #.....       94%         2    ###....
 Slow                     Hex            #.......     94%         2    ###....
 Song of Slaying          Chrm           #.......     94%         2    ###....
 Swiftness                Chrm/Air       #.......     94%         2    ###....
 Confuse                  Hex            #.......     99%         3    ####...
 Conjure Flame            Conj/Fire      #.......     99%         3    ####...
 Gell's Gravitas          Tloc           #.........   99%         3    ####...
 Ignite Poison            Fire/Tmut/Pois #.......     99%         3    ####...
 Inner Flame              Hex/Fire       #.......     99%         3    ####...
 Lesser Beckoning         Tloc           #.........   99%         3    ####...
 Mephitic Cloud           Conj/Pois/Air  #.......     99%         3    ####...
 Portal Projectile        Hex/Tloc       #.....       99%         3    ####...
 Regeneration             Chrm/Necr      #.........   99%         3    ####...
 Spectral Weapon          Hex/Chrm       #.......     99%         3    ####...
 Static Discharge         Conj/Air       #.......     99%         3    ####...
 Summon Guardian Golem    Hex/Summ       #.......     99%         3    ####...
 Tukima's Dance           Hex            #.......     99%         3    ####...
 Airstrike                Air            #.........   100%        4    #####..
 Cause Fear               Hex            #.........   100%        4    #####..
 Leda's Liquefaction      Hex/Erth       #.........   100%        4    #####..
 Petrify                  Tmut/Erth      #.......     100%        4    #####..
 Summon Lightning Spire   Summ/Air       #.......     100%        4    #####..
 Alistair's Intoxication  Tmut/Pois      #.......     100%        5    ######.
 Borgnjor's Vile Clutch   Necr/Erth      #.........   100%        5    ######.
 Fireball                 Conj/Fire      #.........   100%        5    ######.
 Lightning Bolt           Conj/Air       #.........   100%        5    ######.
 Metabolic Englaciation   Hex/Ice        #.........   100%        5    ######.
 Silence                  Hex/Air        #.........   100%        5    ######.
 Yara's Violent Unravell  Hex/Tmut       #.........   100%        5    ######.
 Bolt of Fire             Conj/Fire      #.........   100%        6    #######
 Conjure Ball Lightning   Conj/Air       #.........   100%        6    #######
 Darkness                 Hex            #.........   100%        6    #######
 Deflect Missiles         Chrm/Air       #.........   100%        6    #######
 Invisibility             Hex            #.......     100%        6    #######
 Shadow Creatures         Summ           N/A          100%        6    #######
 Ring of Flames           Chrm/Fire      #.........   100%        7    #######
 Ignition                 Fire           #.........   100%        8    #######
 Tornado                  Air            #.........   100%        9    #######


Dungeon Overview and Level Annotations

Branches:
Dungeon (15/15)            Temple (1/1) D:5            Lair (6/6) D:11
  Swamp (4/4) Lair:2       Spider (4/4) Lair:3        Slime (0/5) Lair:5
    Orc (2/2) D:9             Elf (0/3) Orc:2        Vaults (0/5) D:14
 Depths (0/5) D:15          Sewer (visited)           IceCv (visited)

Altars:
Ashenzari
Cheibriados
Dithmenos
Elyvilon
Fedhas
Gozag
Hepliaklqana
Kikubaaqudgha
Makhleb
Nemelex Xobeh
Okawaru
Qazlal
Ru
Sif Muna
Trog
Uskayaw
Vehumet
Wu Jian
Xom
Yredelemnul
Zin
Beogh
Jiyva

Shops:
D:7 *=   Orc:2 :(*[

Portals:
Hell: Lair:6


Innate Abilities, Weirdness & Mutations

You reflexively headbutt those who attack you in melee.
You have a pair of horns on your head.


Message History

There is a web, spattered with blood here.
You feel better.
Things that are here:
a redback corpse; an emperor scorpion corpse The orb spider weaves a glowing orb of energy.
An orb of destruction comes into view.
The wavering orb of destruction hits you!
* * * LOW HITPOINT WARNING * * *
You barely miss the orb spider. Your headbutt misses the orb spider.
The orb spider pulsates with a strange energy.
Unknown command.
You barely miss the orb spider. You headbutt the orb spider.
The orb spider is lightly wounded.
Unknown command.
You slice the orb spider!! You burn the orb spider.
The orb spider is severely wounded.
Unknown command.
The orb spider weaves a glowing orb of energy.
The wavering orb of destruction weakly hits you!
You die...

.....^≈### #....^≈# #..≈##
#...^## #...^.# ... ##≈....#
#... ####≈≈†.≈^# #....
########≈≈≈≈.†.^## .....
........†..†@s.####..≈#
.......††≈..#≈...#..^.#.
#≈.####^†####...†.^.^...
#########......... ########
#####.#####....^^#.
^#...^^###.#..#.#....^......
.#.^.<...^#...^........^.##^
#...#...#...^..#....#...#..#
.#......#.<#...^^#.#......##


You could see an orb spider.

Vanquished Creatures
  A sphinx (D:14)
  Kirke (Swamp:1)
  Donald (Spider:1)
  Agnes (Spider:2)
  2 thorn hunters (Swamp:3)
  Roxanne (Swamp:1)
  A fire giant (D:15)
  A frost giant (D:15)
  An orc warlord (Orc:2)
  3 emperor scorpions
  4 ghost moths
  Louise (Swamp:3)
  The ghost of nano the Grappler, a journeyman DrBe of Trog (Lair:5)
  2 entropy weavers
  A deep elf annihilator (D:15)
  A white draconian (IceCv)
  A death ooze (Lair:5)
  4 fire dragons
  28 hydras
  2 ghost crabs
  3 shambling mangroves
  A death knight (D:14)
  A centaur warrior (D:15)
  A death yak (IceCv)
  19 alligators
  8 two-headed ogres
  A tengu warrior (D:10)
  3 orc high priests (Orc:2)
  Nergalle (Lair:4)
  Urug (Lair:3)
  A fire crab (Swamp:4)
  A fire crab (shapeshifter) (D:14)
  2 unseen horrors
  2 wizards
  6 spriggan druids
  A sixfirhy (Lair:6)
  8 swamp dragons
  A harpy (shapeshifter) (D:14)
  4 orc sorcerers (Orc:2)
  Pikel (D:5)
  13 orb spiders
  2 lindwurms (Swamp:4)
  4 cyclopes
  16 ugly things
  5 orc knights
  6 deep elf magi
  4 oklob plants (Lair:3)
  30 wolf spiders
  An elephant (Lair:6)
  4 black mambas
  An eye of devastation (Lair:5)
  An ice statue (IceCv)
  Maurice (D:8)
  5 torpor snails
  A smoke demon (Lair:6)
  5 gargoyles
  19 spiny frogs
  Psyche (D:10)
  6 rime drakes
  2 efreet
  12 demonic crawlers
  3 ice devils (Lair:6)
  7 komodo dragons
  3 red devils (Lair:6)
  16 polar bears
  A tengu conjurer (D:14)
  10 tyrant leeches
  23 jumping spiders
  8 trolls
  24 slime creatures
  19 hornets
  16 bog bodies
  A hornet (shapeshifter) (D:14)
  9 hippogriffs
  9 blink frogs
  93 redbacks
  5 dream sheep (Lair:5)
  9 spriggans
  27 tarantellas
  6 shadows
  4 wyverns
  29 yaks
  A wraith (D:13)
  A hungry ghost (D:14)
  Eustachio (D:5)
  A steam dragon (Swamp:4)
  2 basilisks
  32 vampire mosquitoes
  12 wargs
  3 acid dragons
  13 insubstantial wisps
  13 swamp worms
  16 water moccasins
  The ghost of kalagan the Digger, an amateur GrEE (D:7)
  6 porcupines
  15 swamp drakes
  3 hell hounds (Lair:6)
  47 orc warriors
  7 sky beasts
  2 eyes of draining
  5 black bears
  3 slaves (D:5)
  3 ice beasts
  A necrophage (D:11)
  4 phantoms
  14 ogres
  32 wolves
  12 centaurs
  17 crocodiles
  Blork the orc (D:5)
  5 big kobolds
  19 bullfrogs
  2 wyvern zombies
  2 wyvern skeletons
  2 scorpions
  14 killer bees
  5 electric eels
  12 wights
  7 howler monkeys
  A bullfrog zombie (D:11)
  4 crimson imps
  2 centaur zombies
  8 jellies
  3 quasits (D:7)
  Crazy Yiuf (D:2)
  10 hounds
  3 bullfrog skeletons
  36 orc priests
  3 centaur skeletons
  Terence (D:2)
  30 orc wizards
  5 iguanas
  13 worker ants
  A killer bee zombie (D:4)
  A hound zombie (D:8)
  A hound skeleton (D:8)
  3 worker ant zombies
  17 adders
  15 gnolls
  A howler monkey skeleton (D:6)
  8 river rats
  5 shadow imps
  2 oozes (Sewer)
  4 adder zombies
  2 adder skeletons
  7 worms
  A dart slug (D:2)
  8 leopard geckos
  117 orcs
  13 bats
  8 giant cockroaches
  11 goblins
  7 hobgoblins
  22 jackals
  3 quokkas
  3 ball pythons
  3 frilled lizards
  14 kobolds
  A leopard gecko skeleton (D:8)
  A quokka zombie (D:9)
  6 rats
  A butterfly (Lair:3)
  2 fungi
  A plant (Lair:4)
1330 creatures vanquished.

Vanquished Creatures (others)
  A centaur warrior (D:10)
  An alligator (Swamp:2)
  A cyclops (D:12)
  A polar bear (IceCv)
  A hornet (Swamp:2)
  A bog body (Swamp:1)
  2 slime creatures (Swamp:4)
  A tarantella (Spider:4)
  A shadow (Swamp:3)
  A yak (IceCv)
  5 humans (Swamp:1)
  A steam dragon (Swamp:4)
  A hog (Swamp:1)
  A swamp worm (Swamp:1)
  2 swamp drakes
  5 centaurs
  A crimson imp (D:14)
  2 orcs (D:9)
  2 fungi
  4 plants (Lair:3)
35 creatures vanquished.

Grand Total: 1365 creatures vanquished

Notes
Turn   | Place    | Note
-------+----------+-------------------------------------------
     0 | D:1      | Peloso the Minotaur Fighter began the quest for the Orb.
     0 | D:1      | Reached XP level 1. HP: 19/19 MP: 0/0
    46 | D:1      | Reached XP level 2. HP: 24/27 MP: 1/1
   134 | D:1      | Reached skill level 4 in Shields
   395 | D:2      | Reached XP level 3. HP: 33/33 MP: 2/2
   552 | D:2      | Found a runed translucent door.
   553 | D:2      | Noticed Crazy Yiuf
   563 | D:2      | Killed Crazy Yiuf
   563 | D:2      | Reached XP level 4. HP: 22/40 MP: 3/3
   701 | D:2      | Noticed Terence
   726 | D:2      | Killed Terence
  1071 | D:2      | Reached XP level 5. HP: 47/47 MP: 4/4
  1288 | D:3      | Found a shimmering blue altar of Sif Muna.
  1630 | D:3      | Reached skill level 5 in Shields
  1972 | D:4      | Found a shimmering altar of Xom.
  2094 | D:4      | Reached XP level 6. HP: 38/53 MP: 5/5
  2573 | D:4      | Reached skill level 6 in Shields
  2733 | D:5      | Entered Level 5 of the Dungeon
  2741 | D:5      | Reached skill level 5 in Long Blades
  2741 | D:5      | Reached skill level 5 in Armour
  2781 | D:5      | Reached XP level 7. HP: 59/60 MP: 6/6
  2900 | D:5      | Noticed Eustachio
  2979 | D:5      | Killed Eustachio
  2979 | D:5      | Reached skill level 5 in Fighting
  2979 | D:5      | Reached skill level 7 in Shields
  3218 | D:5      | Found a glowing drain.
  3249 | Sewer    | Entered a sewer
  3558 | Sewer    | Reached XP level 8. HP: 65/68 MP: 7/7
  3764 | Sewer    | Reached skill level 8 in Shields
  3951 | D:5      | Noticed Blork the orc
  4023 | D:5      | Killed Blork the orc
  4212 | D:5      | Found a staircase to the Ecumenical Temple.
  4239 | D:5      | Found a shadowy altar of Dithmenos.
  4264 | Temple   | Entered the Ecumenical Temple
  4411 | Temple   | Became a worshipper of Warmaster Okawaru
  4631 | D:6      | Noticed Pikel
  4649 | D:6      | Reached skill level 9 in Shields
  4930 | D:5      | Killed Pikel
  4930 | D:5      | Reached skill level 1 in Dodging
  4930 | D:5      | Reached skill level 1 in Stealth
  4930 | D:5      | Reached XP level 9. HP: 56/75 MP: 8/8
  5037 | D:6      | Found a hide-covered altar of Uskayaw.
  5037 | D:6      | Found an ornate altar of the Wu Jian Council.
  5113 | D:6      | Found a hazy altar of Hepliaklqana.
  5122 | D:6      | Found a basalt altar of Yredelemnul.
  5173 | D:6      | Reached * piety under Okawaru
  5279 | D:6      | Found a stormy altar of Qazlal.
  5309 | D:6      | You fall into a shaft and drop 3 floors!
  5352 | D:9      | Reached skill level 10 in Shields
  6024 | D:7      | Found Sept's Jewellery Shoppe.
  6151 | D:7      | Found Okla's Wicked Wares.
  6151 | D:7      | Found a burning altar of Makhleb.
  6184 | D:7      | Found a transporter.
  6192 | D:7      | Noticed kalagan's ghost (amateur GrEE)
  6210 | D:7      | Found a transporter.
  6483 | D:7      | Found an ancient bone altar of Kikubaaqudgha.
  6807 | D:8      | Reached skill level 11 in Shields
  6877 | D:8      | Reached XP level 10. HP: 84/84 MP: 9/9
  6909 | D:8      | Reached ** piety under Okawaru
  6950 | D:8      | Found a shattered altar of Ashenzari.
  7155 | D:8      | Noticed Maurice
  7574 | D:8      | Reached skill level 10 in Long Blades
  8304 | D:8      | Killed Maurice
  8475 | D:9      | Reached skill level 12 in Shields
  8492 | D:9      | Reached *** piety under Okawaru
  9049 | D:9      | Found a staircase to the Orcish Mines.
  9377 | D:10     | Entered Level 10 of the Dungeon
  9566 | D:10     | Noticed Psyche
  9578 | D:10     | Paralysed by Psyche for 4 turns
  9586 | D:10     | Killed Psyche
  9687 | D:10     | Reached **** piety under Okawaru
  9735 | D:10     | Noticed a deep elf mage
  9752 | D:10     | Killed a deep elf mage
  9752 | D:10     | Reached XP level 11. HP: 71/94 MP: 7/10
  9862 | D:10     | Noticed a centaur warrior
  9865 | D:10     | Noticed a cyan ugly thing
  9877 | D:10     | Killed a centaur warrior
  9909 | D:10     | Killed a cyan ugly thing
  9909 | D:10     | Reached skill level 13 in Shields
 10176 | D:10     | Noticed a tengu warrior
 10220 | D:10     | Killed a tengu warrior
 10265 | D:10     | Got a bloodstained flail
 10266 | D:10     | Identified the +10 flail of a bazaar {freeze, rElec rF+
                  | Dex+2 Stlth-} (You found it on level 10 of the Dungeon)
 10550 | D:11     | Reached ***** piety under Okawaru
 10895 | D:11     | Noticed a red ugly thing
 10913 | D:11     | Killed a red ugly thing
 11097 | D:11     | Found a staircase to the Lair.
 11225 | D:11     | Reached skill level 14 in Shields
 11461 | D:11     | You fall into a shaft and drop 2 floors!
 11461 | D:13     | Noticed a two-headed ogre
 11461 | D:13     | Noticed a deep elf mage
 11483 | D:13     | Killed a two-headed ogre
 11495 | D:13     | Killed a deep elf mage
 11524 | D:13     | Noticed a deep elf mage
 11530 | D:13     | Killed a deep elf mage
 11635 | D:13     | Reached XP level 12. HP: 44/104 MP: 11/11
 12154 | D:12     | Found a frozen archway.
 12170 | IceCv    | Entered an ice cave
 12177 | IceCv    | Reached skill level 10 in Armour
 12224 | IceCv    | Received a gift from Okawaru
 12303 | IceCv    | Got a pair of faintly glowing gloves {god gift}
 12319 | IceCv    | Identified the +0 pair of gloves "Qeojugu" {Str+5 Int+4
                  | Stlth-} (Okawaru gifted it to you in an ice cave)
 12620 | IceCv    | Reached skill level 15 in Shields
 12858 | IceCv    | Reached ****** piety under Okawaru
 12905 | IceCv    | Reached skill level 10 in Fighting
 12997 | IceCv    | Noticed a death yak
 13010 | IceCv    | Killed a death yak
 13016 | IceCv    | Noticed a white draconian
 13049 | IceCv    | Killed a white draconian
 13049 | IceCv    | Reached skill level 1 in Invocations
 13949 | D:11     | Reached skill level 16 in Shields
 14280 | D:12     | Received a gift from Okawaru
 14405 | D:12     | Noticed a two-headed ogre
 14414 | D:12     | Killed a two-headed ogre
 14422 | D:12     | Reached XP level 13. HP: 99/114 MP: 12/12
 14441 | D:12     | Received a gift from Okawaru
 15029 | D:7      | Killed kalagan's ghost
 15144 | D:7      | Bought the ring of Iterak {rC+ rCorr Str+2 Int-4 Dex+4} for
                  | 420 gold pieces
 15147 | D:7      | Bought an uncursed amulet of faith for 440 gold pieces
 15270 | Lair:1   | Entered Level 1 of the Lair of Beasts
 16207 | Lair:2   | Received a gift from Okawaru
 16210 | Lair:2   | Got a steaming hat {god gift}
 16217 | Lair:2   | Identified the +0 hat "Hamoshupn" {MR+} (Okawaru gifted it
                  | to you on level 2 of the Lair of Beasts)
 16364 | Lair:2   | You fall into a shaft and drop 1 floor!
 16415 | Lair:3   | Found a hole to the Spider Nest.
 16658 | Lair:3   | Noticed Urug
 16914 | Lair:3   | Killed Urug
 16968 | Lair:3   | Reached skill level 17 in Shields
 17761 | Lair:2   | Found a staircase to the Swamp.
 17822 | Lair:2   | Received a gift from Okawaru
 17956 | Lair:4   | Noticed Nergalle
 17969 | Lair:4   | Killed Nergalle
 18339 | Lair:4   | Reached XP level 14. HP: 121/125 MP: 14/14
 18637 | Lair:5   | Found a runed translucent gate.
 18640 | Lair:5   | Found a runed translucent gate.
 18641 | Lair:5   | Found a runed translucent gate.
 18643 | Lair:5   | Found a viscous altar of Jiyva.
 18643 | Lair:5   | Noticed nano's ghost (journeyman DrBe)
 18759 | Lair:5   | Found a staircase to the Slime Pits.
 19208 | Lair:5   | Received a gift from Okawaru
 19208 | Lair:5   | Reached skill level 15 in Long Blades
 20115 | Lair:6   | Entered Level 6 of the Lair of Beasts
 20392 | Lair:6   | Reached skill level 18 in Shields
 20724 | Lair:6   | Found a burning altar of Makhleb.
 20748 | Lair:6   | Received a gift from Okawaru
 21099 | Lair:6   | Found a gateway to Hell.
 22025 | D:13     | Found a hide-covered altar of Uskayaw.
 22262 | D:14     | Noticed a sphinx
 22289 | D:14     | Killed a sphinx
 22620 | D:14     | Reached XP level 15. HP: 130/136 MP: 15/15
 22641 | D:14     | Received a gift from Okawaru
 22641 | D:14     | Reached skill level 19 in Shields
 22735 | D:14     | Found a gate to the Vaults.
 23288 | D:14     | Identified the Papyrus of Enchantment
 23866 | Orc:1    | Entered Level 1 of the Orcish Mines
 23969 | Orc:1    | Found a roughly hewn altar of Beogh.
 24485 | Orc:2    | Entered Level 2 of the Orcish Mines
 24518 | Orc:2    | Received a gift from Okawaru
 24798 | Orc:2    | Found a staircase to the Elven Halls.
 26329 | Orc:2    | Noticed an orc warlord
 26532 | Orc:2    | Killed an orc warlord
 26649 | Orc:2    | Found Reuzatue's Antique Armour Shop.
 26663 | Orc:2    | Found Aqumn's General Store.
 26674 | Orc:2    | Found Vasooc's Book Boutique.
 26676 | Orc:2    | Found Qawkekukh's Antique Weapon Shop.
 26700 | Orc:2    | Bought a spiked plate armour for 924 gold pieces
 26715 | Orc:2    | Identified the +1 plate armour of Impatience {rF+ rCorr
                  | Str+3 Int+2} (You bought it in a shop on level 2 of the
                  | Orcish Mines)
 26721 | Orc:2    | Bought a pair of twisted boots for 313 gold pieces
 26735 | Orc:2    | Identified the +1 pair of boots of the Foremost Cities
                  | {rPois Str+4 Dex+3} (You bought it in a shop on level 2 of
                  | the Orcish Mines)
 27224 | D:15     | Entered Level 15 of the Dungeon
 27372 | D:15     | Reached skill level 20 in Shields
 27384 | D:15     | Noticed a frost giant
 27386 | D:15     | Found a basalt altar of Yredelemnul.
 27399 | D:15     | Killed a frost giant
 27402 | D:15     | Found a blossoming altar of Fedhas.
 27495 | D:15     | Received a gift from Okawaru
 27518 | D:15     | Got a crystal falchion {god gift}
 27519 | D:15     | Identified the +6 falchion "String" {protect, rPois MR+
                  | Int-3} (Okawaru gifted it to you on level 15 of the
                  | Dungeon)
 27652 | D:15     | Found a staircase to the Depths.
 27653 | D:15     | Noticed a fire giant
 27689 | D:15     | Killed a fire giant
 28947 | Lair:5   | Killed nano's ghost
 29078 | Swamp:1  | Entered Level 1 of the Swamp
 29095 | Swamp:1  | Identified Roxanne's Collected Works on the Mountains
 29095 | Swamp:1  | Noticed Roxanne
 29148 | Swamp:1  | Killed Roxanne
 29148 | Swamp:1  | Reached XP level 16. HP: 36/147 MP: 16/16
 29315 | Swamp:1  | Noticed Kirke
 29335 | Swamp:1  | Killed Kirke
 29335 | Swamp:1  | Received a gift from Okawaru
 30070 | Swamp:2  | Received a gift from Okawaru
 30463 | Swamp:2  | Got a pair of bloodstained boots {god gift}
 30503 | Swamp:2  | Identified the +0 pair of boots of the Morning {Int+7}
                  | (Okawaru gifted it to you on level 2 of the Swamp)
 31269 | Swamp:3  | Noticed Louise
 31281 | Swamp:3  | Killed Louise
 31330 | Swamp:3  | Identified the cursed +0 buckler of Ezirgh {rF+ Dex+4}
 31333 | Swamp:3  | Reached skill level 21 in Shields
 31364 | Swamp:3  | Noticed a thorn hunter
 31858 | Swamp:3  | Reached skill level 15 in Fighting
 31872 | Swamp:3  | Received a gift from Okawaru
 31876 | Swamp:3  | Got a transparent long sword {god gift}
 31877 | Swamp:3  | Identified the +5 long sword of Triumph {slice, +Rage MR-
                  | Stlth+} (Okawaru gifted it to you on level 3 of the Swamp)
 32079 | Swamp:3  | Reached skill level 15 in Armour
 32097 | Swamp:3  | Killed a thorn hunter
 32840 | Swamp:4  | Entered Level 4 of the Swamp
 33006 | Swamp:3  | Received a gift from Okawaru
 33020 | Swamp:3  | Got a heavily runed shield {god gift}
 33026 | Swamp:3  | Identified the -1 shield of the Scribe {*Slow rElec SInv}
                  | (Okawaru gifted it to you on level 3 of the Swamp)
 33073 | Swamp:4  | Noticed a thorn hunter
 33434 | Swamp:3  | Killed a thorn hunter
 33434 | Swamp:3  | Reached XP level 17. HP: 86/156 MP: 17/17
 34078 | Swamp:4  | Reached skill level 22 in Shields
 34922 | Swamp:4  | Got a decaying rune of Zot
 35214 | Spider:1 | Entered Level 1 of the Spider Nest
 36279 | Spider:1 | Received a gift from Okawaru
 36294 | Spider:1 | Got a pair of jewelled boots {god gift}
 36305 | Spider:1 | Identified the +0 pair of boots "Igihiwid" {rC+ MR+}
                  | (Okawaru gifted it to you on level 1 of the Spider Nest)
 36664 | Spider:1 | Identified the +2 shield "Xagramy" {*Contam rPois rCorr
                  | Str+2}
 36664 | Spider:1 | Noticed Donald
 36678 | Spider:1 | Killed Donald
 38015 | Spider:4 | Entered Level 4 of the Spider Nest
 38289 | Spider:2 | Noticed Agnes
 38299 | Spider:2 | Killed Agnes
 38299 | Spider:2 | Received a gift from Okawaru
 38679 | Spider:3 | Reached XP level 18. HP: 156/166 MP: 18/18
 38688 | Spider:3 | Reached skill level 23 in Shields
 40037 | Spider:4 | Received a gift from Okawaru
 40206 | Spider:4 | Blown up by an orb spider

Levels and vault maps discovered:
D:1:      wander_arrival_desolate, layout_rooms, kennysheep_minor_cross
D:2:      layout_basic, uniq_terence, uniq_crazy_yiuf_cottage
D:3:      layout_basic, lemuel_crystal_altar
D:4:      layout_gridville, first_ration, lemuel_altar_in_water
D:5:      layout_basic, nicolae_dithmenos_the_darkroom,
          minmay_temple_entry_butterflies, gup_sewer_entry_pipe, uniq_eustachio,
          uniq_blork_the_orc
D:6:      layout_gridville, kennysheep_little_box, overflow_temple_1_default,
          chequers_temple_overflow_statue_of_worship, grunt_qazlal_sundering,
          uniq_pikel
D:7:      layout_gridville, kiku_gazebo_pond_becter, gammafunk_ghost_stat_death,
          grunt_ogre_cave, minmay_shop_grid_forest, nicolae_evil_shop
D:8:      layout_basic, cheibrodos_ashenzari_chains, uniq_maurice
D:9:      layout_roguey, erik_orc_1, special_room [special_room_orc]
D:10:     layout_roguey, minmay_diamond_spiral, uniq_psyche
D:11:     layout_irregular_city, erik_lair_orcish_takeover
D:12:     layout_irregular_city, portal_ice_cave_entry_pillars_1,
          kennysheep_decorative_pillar, kennysheep_generic_room_15
D:13:     layout_rooms, basic_altar
D:14:     minmay_the_grid_plus [minmay_the_grid_aliased_spiral,
          minmay_the_grid_doors, minmay_the_grid_zigzag_pyramid,
          minmay_the_grid_dragon_b, minmay_the_grid_prize_trominoes],
          layout_rooms, david_vaults_1, chequers_serial_rivers_room_b,
          interstate_on_off, minmay_fountain_box,
          hangedman_decor_clover_reticule
D:15:     grunt_enter_depths_giant_problem, layout_loops_ring,
          jmf_multi_god_temple
Temple:   dpeg_chambers_temple
Lair:1:   layout_chaotic_city, grunt_megastairs_2
Lair:2:   layout_regular_city, nicolae_swamp_entry_splash_gauntlet,
          chequers_serial_rivers_micro_e, minivault_26
Lair:3:   layout_concentric_octagons, spider_nest_entry_a, grunt_megastairs_3,
          serial_bayou_shore_a, lemuel_fruit_fields, lemuel_fruit_tree,
          infiniplex_staircase_pool_2, minmay_lair_oklob_chamber, uniq_urug
Lair:4:   layout_gridlike, pond, uniq_nergalle
Lair:5:   layout_regular_city, minmay_slime_entry_eyes, gammafunk_ghost_ooze,
          grunt_megastairs_1
Lair:6:   evil_forest, layout_misc_corridors, infiniplex_staircase_pool
Swamp:1:  layout_falls_marsh, evilmike_swamp_ruin_house_3, swamp_pool2,
          uniq_roxanne, uniq_kirke
Swamp:2:  layout_falls_marsh, nicolae_swamp_triple_paths
Swamp:3:  layout_basic_swamp, evilmike_swamp_ruin_house_1, uniq_louise
Swamp:4:  swamp_fiery, layout_basic_swamp
Spider:1: layout_spider_delve, uniq_donald
Spider:2: layout_spider_delve, hangedman_spider_mandibles, uniq_agnes
Spider:3: layout_spider_delve
Spider:4: grunt_spider_rune_circles
Orc:1:    cheibrodos_orc_bank, layout_diamond_mine, basic_altar
Orc:2:    st_orc_congregation, layout_caves, nicolae_orc_flooded_monolith,
          mines5_lemuel

Skill      XL: |  1  2  3  4  5  6  7  8  9 10 11 12 13 14 15 16 17 18 |
---------------+-------------------------------------------------------+-----
Fighting       | 4 5 6 7 9 10 11 13 14 15 16 | 16.7
Armour         | 4 5 7 8 9 10 12 13 14 15 16 | 16.9
Shields        | 4 5 6 7 9 11 12 14 16 17 18 20 21 22 23 | 23.4
Long Blades    | 3 4 5 6 8 9 11 12 13 14 15 16 17 | 17.8
Dodging        | 1 2 3 |  3.9
Stealth        | 1 2 3 |  3.3
Invocations    | 1 2 |  2.1
Evocations     | |  0.6

Action                   |  1- 3 |  4- 6 |  7- 9 | 10-12 | 13-15 | 16-18 || total
-------------------------+-------+-------+-------+-------+-------+-------++-------
Melee: Long sword        |    69 |   185 |   649 |   755 |       |       ||  1658
       Headbutt          |    10 |    26 |   134 |   240 |   515 |   481 ||  1406
       Scimitar          |       |       |       |   313 |  1335 |  1184 ||  2832
Invok: Heroism           |       |       |       |    12 |     5 |     5 ||    22
       Finesse           |       |       |       |     1 |       |       ||     1
Evoke: Wand              |       |       |     3 |     4 |     5 |       ||    12
  Use: Potion            |     4 |       |     1 |     5 |     1 |     9 ||    20
       Scroll            |       |     4 |     5 |     8 |    10 |     9 ||    36
 Stab: Paralysed         |       |       |     3 |       |       |       ||     3
       Confused          |       |       |       |     1 |       |     4 ||     5
       Invisible         |       |       |       |     1 |       |       ||     1
  Eat: Chunk             |       |     6 |    15 |    22 |    27 |    28 ||    98
       Ration            |       |       |       |     1 |     6 |     3 ||    10
Armor: Scale mail        |    16 |       |       |       |       |       ||    16
       Plate armour      |    28 |   110 |   265 |   142 |    50 |   765 ||  1360
       Crystal plate arm |       |       |       |   272 |   446 |       ||   718
Dodge: Dodged            |    18 |    25 |   108 |   127 |   256 |   564 ||  1098
Block: Shield            |    47 |   109 |   599 |   899 |  1070 |  1389 ||  4113
       Reflection        |       |     3 |    30 |    23 |     4 |       ||    60
       Rpst.: Long sword |     6 |     6 |    28 |    18 |       |       ||    58
       Scimitar          |       |       |       |     7 |    65 |   108 ||   180
